 Dungeon Crawl Stone Soup version 0.18-a0-1718-g40ea4b6 (webtiles) character file.

304 M4edhros the Stinger (level 6, -6/24 HPs)
             Began as a Felid Venom Mage on Apr 8, 2016.
             Killed from afar by a gnoll (18 damage)
             ... with a wand of lightning
             ... on level 6 of the Dungeon.
             The game lasted 00:10:41 (3613 turns).

M4edhros the Stinger (Felid Venom Mage)             Turns: 3613, Time: 00:10:41

Health: -6/24      AC:  2    Str:  2    XL:     6   Next: 15%
Magic:  3/10       EV: 18    Int: 16    God:
Gold:   202        SH:  0    Dex: 19    Spells: 2 memorised, 5 levels left
                                        Lives:  0   Deaths: 1

rFire  . . .     SeeInvis +     (weapon unavailable)
rCold  . . .     Gourm    .     (armour unavailable)
rNeg   + . .     Faith    .     (shield unavailable)
rPois  .         Spirit   .     (helmet unavailable)
rElec  .         Dismiss  .     (cloak unavailable)
rCorr  .         Reflect  .     (gloves unavailable)
SustAt .         Harm     .     (boots unavailable)
MR     .....     Rnd*Rage +     (no amulet)
Stlth  +++.......               (no ring)
                                d - ring of positive energy

@: quick, not resistant to hostile enchantments, fairly stealthy
A: no armour, no weapons or thrown items, claws 1, fangs 3, horns 1, see
invisible, berserk 1, blink, carnivore 3, deterioration 1, speed 1, shaggy fur
2, slow metabolism 1, weak 1, MP-powered wands, sharp paws
a: Blink


You were on level 6 of the Dungeon.
You were not hungry.

You visited 1 branch of the dungeon, and saw 6 of its levels.

You collected 202 gold pieces.

Inventory:

Missiles
 i - 101 stones
Jewellery
 d - a ring of positive energy (left paw)
Scrolls
 c - 2 scrolls of remove curse
 h - 4 scrolls of random uselessness {unknown}
 k - a scroll of blinking {unknown}
Potions
 e - a potion of curing
Books
 a - a Young Poisoner's Handbook

   Spells                             Type                      Level
   a - Sting                          Conjuration/Poison           1
   b - Cure Poison                    Poison                       2
   c - Mephitic Cloud                 Conjuration/Poison/Air       3
   d - Olgreb's Toxic Radiance        Poison                       4
   e - Venom Bolt                     Conjuration/Poison           5
Comestibles
 b - 3 meat rations
 g - 2 beef jerkies


   Skills:
 + Level 2.9 Dodging
 + Level 3.6 Stealth
 + Level 0.0 Unarmed Combat
 - Level 2.0 Spellcasting
 - Level 4.2 Conjurations
 + Level 0.3 Air Magic
 - Level 5.7 Poison Magic


You had 5 spell levels left.
You knew the following spells:

 Your Spells              Type           Power        Failure   Level  Hunger
a - Sting                 Conj/Pois      ###.         2%          1    #......
b - Mephitic Cloud        Conj/Pois/Air  ##......     17%         3    ###....


Dungeon Overview and Level Annotations

Branches:
Dungeon (6/15)
 Temple: D:4-7

Altars:


Innate Abilities, Weirdness & Mutations

You cannot wear armour.
You are incapable of wielding weapons or throwing items.
You have sharp claws.
You have razor-sharp teeth.
You have supernaturally acute eyesight.
You are carnivorous and can eat meat at any time.
You cover ground quickly.
You are covered in thick fur (AC +2).
You have a slow metabolism.
Your sharp claws are effective at attacking unaware monsters.
You have a pair of small horns on your head.
You tend to lose your temper in combat.
You can translocate small distances at will.
Your body sometimes deteriorates upon taking damage.
You are weak. (Str -2)
You expend magic power (3 MP) to strengthen your wands.


Message History

Found a club.
e - a potion of curing
There are no items here.
A gnoll comes into view. It is wielding a spear.
Casting: Sting
Confirm with . or Enter, or press ? or * to list all spells.
Aiming: Sting
Press: ? - help, Shift-Dir - straight line, f - gnoll
Aim: a gnoll, wielding a spear (hasn't noticed you)
The sting hits the gnoll.
The gnoll is poisoned.
The gnoll is lightly wounded.
Casting: Sting
Confirm with . or Enter, or press ? or * to list all spells.
Aiming: Sting
Press: ? - help, Shift-Dir - straight line, f/p - gnoll
Aim: a gnoll, wielding a spear (moderately wounded, poisoned)
The sting misses the gnoll.
The gnoll zaps a wand.
The bolt of lightning hits you!
Ouch! That really hurt!
You die...

#.# ... #.# .. ####.# #..
#..... ### ###. #.##.. #..
..... #..... #.# #.# ..
#.....
#######.####.####.####.....
#......g..@....##..........
#.#####.####.#.##.#####....
#.####.#.##.# #....
#...)....>..# #....
########.#### ##...
######### #.# #...
#.......# #.# #...
#.......# #.#########...
#..5....### #.##.......)..


You could see a gnoll.

Vanquished Creatures
  An ogre (D:4)
  2 scorpions
  A crimson imp (D:4)
  A centaur skeleton (D:6)
  A hound (D:5)
  A gnoll shaman (D:6)
  2 worker ants
  A hound skeleton (D:5)
  2 gnolls (D:6)
  7 adders
  A shadow imp (D:5)
  An adder skeleton (D:4)
  A dart slug (D:2)
  3 giant geckos
  4 orcs
  A bat (D:3)
  5 kobolds
  A ball python (D:4)
  A giant newt (D:4)
  A quokka skeleton (D:6)
  4 rats
42 creatures vanquished.

Notes
Turn   | Place    | Note
--------------------------------------------------------------
     0 | D:1      | M4edhros the Felid Venom Mage began the quest for the Orb.
     0 | D:1      | Reached XP level 1. HP: 7/7 MP: 4/4
   164 | D:2      | Reached skill level 1 in Conjurations
   355 | D:2      | Gained mutation: You can translocate small distances at will. [potion of mutation]
   355 | D:2      | Gained mutation: You are weak. (Str -2) [potion of mutation]
   355 | D:2      | Gained mutation: You tend to lose your temper in combat. [potion of mutation]
   357 | D:2      | Reached XP level 2. HP: 11/11 MP: 1/6
   388 | D:2      | Reached skill level 4 in Poison Magic
   789 | D:3      | Reached XP level 3. HP: 10/14 MP: 0/7
  1169 | D:4      | Noticed an ogre
  1254 | D:4      | Killed an ogre
  1254 | D:4      | Reached XP level 4. HP: 18/18 MP: 1/8
  1320 | D:4      | Reached XP level 5. HP: 20/21 MP: 2/9
  1407 | D:4      | Reached skill level 5 in Poison Magic
  1834 | D:5      | Entered Level 5 of the Dungeon
  2010 | D:5      | Noticed a centaur
  2047 | D:4      | Gained mutation: You are covered in thick fur (AC +2). [Felid growth]
  2047 | D:4      | Reached XP level 6. HP: 19/24 MP: 0/10
  2251 | D:6      | Gained mutation: You expend magic power (3 MP) to strengthen your wands. [potion of mutation]
  2251 | D:6      | Gained mutation: Your body sometimes deteriorates upon taking damage. [potion of mutation]
  2251 | D:6      | Gained mutation: You have a pair of small horns on your head. [potion of mutation]
  2256 | D:6      | Learned a level 3 spell: Mephitic Cloud
  2533 | D:5      | Noticed an ice beast
  2570 | D:5      | Noticed an orc warrior
  2916 | D:5      | Slain by an orc warrior
  2917 | D:5      | Reached XP level 5. HP: -3/21 MP: 2/9
  3156 | D:6      | Noticed an ogre
  3487 | D:6      | Reached XP level 6. HP: 24/24 MP: 7/10
  3613 | D:6      | Killed from afar by a gnoll

Vault maps used:
D:1:      dpeg_arrival_shrine
D:2:      grunt_qazlal_clouds
D:3:      first_bread, uniq_terence, uniq_robin
D:4:      nrook_loot_triangle
D:5:      grunt_temple_overflow_opulence, uniq_grinder
D:6:      grunt_temple_overflow_lords_of_destruction

Skill      XL: |  1  2  3  4  5  6 |
---------------+-------------------+-----
Conjurations   | 1 2 3 4 |  4.2
Poison Magic   | 4 5 |  5.7
Stealth        | 3 |  3.6
Dodging        | |  2.9
Spellcasting   | |  2.0
Air Magic      | |  0.3

Action                   |  1- 3 |  4- 6 || total
-------------------------+-------+-------++-------
Melee: Unarmed           |    27 |   123 ||   150
 Cast: Sting             |    37 |    87 ||   124
  Use: Potion            |     3 |     4 ||     7
       Scroll            |       |     5 ||     5
 Stab: Sleeping          |     6 |     1 ||     7
  Eat: Chunk             |     6 |    10 ||    16
